Map: Arctic Dream LE

Players

qqq

  • Race: Protoss Protoss
  • Spawn Location: 12:00

Massa

  • Race: Terran Terran
  • League: Platinum
  • Spawn Location: 11:00

sal - Winner!

  • Race: Terran Terran
  • League: Diamond
  • Spawn Location: 5:00

Magnus - Winner!

  • Race: Terran Terran
  • Spawn Location: 6:00

VOD

Have the link to the VOD?

Description

Time

  • Played on: Nov. 7, 2020, 8:18 a.m.
  • Length: 5:16
Show
View Real Time Build Order
Export as new Build Order

qqq Protoss 

Build Orders: 1 Gate Expand, Phoenix Opening 

Get SALT Encoding   

  12  0:00  Probe  
  13  0:12  Probe  
  14  0:25  Probe  
  14  0:27  Pylon  
  15  0:45  Probe  
  16  0:50  Gateway  
  16  0:55  Assimilator  
  16  0:58  Probe  
  17  1:10  Probe  
  17  1:22  Probe  
  18  1:33  Nexus  
  18  1:34  Probe  
  19  1:44  Cybernetics Core  
  19  1:46  Probe  
  20  1:58  Probe  
  20  2:01  Assimilator  
  21  2:11  Probe  
  21  2:13  Pylon  
  22  2:23  Probe  
  23  2:31  Stalker  
  23  2:34  Stargate  
  23  2:35  Probe  
  26  2:46  Probe  
  26  2:47  Probe  
  28  2:59  Probe (Chrono Boost)  
  28  3:00  Stargate  
  28  3:01  Pylon  
  30  3:06  Probe (Chrono Boost)  
  30  3:11  Probe (Chrono Boost)  
  31  3:13  Assimilator  
  31  3:14  Probe (Chrono Boost)  
  31  3:18  Probe (Chrono Boost)  
  31  3:19  Probe (Chrono Boost)  
  33  3:23  Phoenix  
  36  3:31  Probe (Chrono Boost)  
  36  3:32  Probe (Chrono Boost)  
  38  3:40  Assimilator  
  38  3:43  Probe (Chrono Boost)  
  38  3:44  Probe (Chrono Boost)  
  38  3:46  Phoenix  
  42  3:51  Phoenix  
  42  3:52  Probe (Chrono Boost)  
  42  3:53  Probe (Chrono Boost)  
  46  4:06  Probe x2  
  48  4:12  Phoenix (Chrono Boost)  
  48  4:21  Phoenix (Chrono Boost), Pylon  
  50  4:38  Phoenix (Chrono Boost)  
Show
View Real Time Build Order
Export as new Build Order

Massa Terran 

Build Orders:  

Get SALT Encoding   

  12  0:00  SCV  
  13  0:12  SCV  
  14  0:17  Supply Depot  
  14  0:24  SCV  
  15  0:39  SCV  
  15  0:40  Barracks  
  16  0:50  Supply Depot  
  16  0:51  SCV  
  17  1:00  Refinery  
  17  1:03  SCV  
  18  1:15  SCV  
  19  1:22  Barracks  
  19  1:27  SCV  
  20  1:35  Bunker  
  20  1:39  SCV, Marine  
  22  1:51  Orbital Command  
  22  1:57  Reaper  
  23  2:11  Barracks Tech Lab  
  23  2:18  Command Center  
  23  2:25  SCV  
  23  2:29  Marine  
  25  2:33  Factory  
  25  2:40  Marauder  
  27  2:47  Marine  
  28  2:51  Engineering Bay  
  28  2:53  SCV  
  30  3:06  Refinery  
  29  3:13  Barracks Reactor  
  29  3:22  Command Center  
  29  3:25  Missile Turret  
  29  3:27  SCV  
  29  3:33  Missile Turret  
  30  3:40  Orbital Command  
  30  3:48  Factory Tech Lab  
  30  3:53  SCV  
  31  3:58  Marine x2  
  33  4:05  SCV  
  34  4:12  Starport  
  34  4:15  Marine  
  34  4:16  Marine  
  36  4:17  SCV  
  36  4:19  Widow Mine  
  36  4:23  Marauder  
  41  4:29  SCV  
  39  4:46  Marauder, Marine x2  
Show
View Real Time Build Order
Export as new Build Order

sal Terran - Winner!

Build Orders: Liberator Opening 

Get SALT Encoding   

  12  0:00  SCV  
  13  0:12  SCV  
  14  0:17  Supply Depot  
  14  0:29  SCV  
  15  0:41  SCV  
  15  0:42  Barracks  
  16  0:53  SCV  
  17  1:05  SCV  
  17  1:09  Refinery  
  17  1:10  Refinery  
  18  1:17  SCV  
  19  1:32  SCV  
  20  1:35  Marine  
  21  1:46  Orbital Command  
  21  1:53  Marine  
  21  1:54  Factory  
  22  1:58  Supply Depot  
  22  2:11  Barracks Reactor  
  22  2:17  SCV  
  23  2:23  Supply Depot  
  23  2:38  Factory Tech Lab  
  23  2:40  Starport  
  23  2:43  SCV  
  24  2:48  Marine x2  
  26  2:56  Siege Tank  
  29  3:03  Supply Depot  
  29  3:04  SCV  
  30  3:06  Marine x2  
  32  3:17  Liberator  
  35  3:24  Marine x2  
  37  3:39  Siege Tank  
  40  3:42  Marine x2  
  42  3:59  Marine, Command Center  
  42  4:00  Marine  
  44  4:03  SCV  
  45  4:17  Marine  
  45  4:22  Supply Depot  
  46  4:35  Marine  
  47  4:42  Siege Tank  
  47  4:43  Marine  
  43  4:53  Marine  
Show
View Real Time Build Order
Export as new Build Order

Magnus Terran - Winner!

Build Orders: 2 Factory, Cyclone Opening 

Get SALT Encoding   

  12  0:00  SCV  
  13  0:12  SCV  
  14  0:17  Supply Depot  
  14  0:24  SCV  
  15  0:28  Refinery  
  15  0:38  SCV  
  16  0:43  Barracks  
  16  0:50  SCV  
  17  1:03  SCV  
  18  1:06  Refinery  
  18  1:15  SCV  
  19  1:27  SCV  
  20  1:35  Factory  
  20  1:39  Orbital Command  
  20  1:54  Factory  
  20  1:56  Barracks Tech Lab  
  20  2:01  Supply Depot  
  20  2:04  SCV  
  21  2:16  SCV  
  22  2:23  Barracks Tech Lab  
  22  2:28  SCV  
  22  2:29  Cyclone  
  26  2:33  Supply Depot  
  26  2:41  SCV  
  27  2:53  SCV, Cyclone  
  31  3:00  Supply Depot  
  31  3:01  Cyclone  
  31  3:05  SCV  
  35  3:13  Mag-Field Accelerator  
  35  3:17  SCV  
  36  3:20  Supply Depot  
  36  3:31  Cyclone  
  36  3:33  SCV  
  40  3:45  SCV  
  41  3:53  Cyclone  
  44  3:59  SCV  
  44  4:02  Command Center  
  45  4:04  Supply Depot  
  45  4:11  SCV  
  45  4:14  Cyclone  
  49  4:20  Supply Depot  
  49  4:23  SCV  
  50  4:41  SCV  
Tags
 
Add a new tag
Caveats
  • Supply blocks, unpowered buildings, or Contaminate may cause inaccurate times.
  • Supply counts are checked every 10 seconds.